[Event "FIDE Open World Rapid 2024"]
[Site "New York"]
[Date "2024.12.27"]
[Round "9.9"]
[White "Mamedyarov, Shakhriyar"]
[Black "Sargsyan, Shant"]
[Result "1-0"]
[ECO "D32"]
[WhiteElo "2738"]
[BlackElo "2646"]
[Annotator "TA"]
[PlyCount "137"]
[EventDate "2024.12.14"]
[EventType "swiss"]
[EventCountry "USA"]
[SourceTitle "playchess.com"]
[Source "ChessBase"]
[SourceQuality "1"]
[TimeControl "900+10"]

1. d4 d5 2. c4 e6 3. Nc3 c5 4. e3 Nf6 5. Nf3 Nc6 6. cxd5 exd5 7. Be2 c4 8. O-O Bb4 9. Bd2 O-O 10. b3 Bxc3 11. Bxc3 b5 12. Ne5 Qd6 13. bxc4 bxc4 14. Qa4 Bd7 15. Nxc6 Bxc6 16. Qb4 Qe6 17. Rfb1 h5 18. Qa5 h4 19. h3 Ne4 20. Be1 Rfe8 21. Rb2 Qg6 22. Qc7 Qd6 23. Qxd6 Nxd6 24. Rab1 f5 25. Bh5 Rec8 26. Bd1 Kf7 27. f3 g5 28. Bb4 Ke6 29. Bc2 c3 30. Bxc3 Nc4 31. Rb4 Na3 32. Rc1 a5 33. Rb3 Nxc2 34. Rxc2 Ba4 35. Rb6+ Kd7 36. Rc1 Rc4 37. Bd2 Rxc1+ 38. Bxc1 Rc8 39. Ba3 Rc6 (39... Rc3 $14 40. Rd6+ Ke8) 40. Bc5 Kc7 41. Rxc6+ $1 Kxc6 42. Be7 g4 43. Bxh4 (43. fxg4 fxg4 44. Bxh4 (44. hxg4 Bd1 $18) 44... gxh3) 43... gxf3 (43... Bb5 $16 44. hxg4 (44. fxg4 fxg4 45. hxg4 Bd3 $18) 44... fxg4 45. fxg4 Be2) 44. gxf3 f4 45. exf4 Bc2 46. Kf2 Bf5 47. Kg3 a4 48. Be7 Kd7 49. Bb4 $1 Ke6 50. h4 Kf6 51. h5 Bc2 52. Kg4 Bf5+ 53. Kh4 $1 Bc2 54. Kg3 Bd3 55. a3 Bc2 56. Ba5 Bd3 (56... Bb1 {keeps fighting.} 57. Bd8+ Kf5) 57. Bd8+ Kf5 $2 (57... Ke6 58. Kg4 Bb1) 58. Bg5 $2 (58. Kf2) 58... Ke6 $18 59. Bd8 Kf5 60. h6 Kg6 $2 (60... Ke6 $16 61. Kf2 Bf5) 61. Bg5 $18 Kf7 62. Kf2 $1 Ke6 {[%emt 0:00:18] [#]} 63. Ke3 $2 (63. Ke1 $1 $18 {is the precise move to win. Kd2 is the strong threat.} Bf5 64. Kd2) 63... Bg6 $2 {[%emt 0:00:11][%mdl 8192] [#]} (63... Bf5 $16 64. Kd2 Bb1) 64. Kd2 $1 $18 Kd6 65. Kc3 Kc6 66. Kb4 Bc2 67. f5 Bxf5 68. Kxa4 Bg6 69. Kb4 1-0

[Event "FIDE Open World Rapid 2024"]
[Site "New York"]
[Date "2024.12.28"]
[Round "9.9"]
[White "Batsuren, Dambasuren"]
[Black "Bok, Benjamin"]
[Result "0-1"]
[ECO "E48"]
[WhiteElo "2531"]
[BlackElo "2593"]
[Annotator "ChessBase"]
[PlyCount "140"]
[EventDate "2024.12.14"]
[EventType "swiss"]
[EventCountry "USA"]
[SourceTitle "playchess.com"]
[Source "ChessBase"]
[SourceQuality "1"]
[TimeControl "900+10"]

1. d4 Nf6 2. c4 e6 3. Nc3 Bb4 4. e3 O-O 5. Bd3 d5 6. cxd5 exd5 7. a3 Bd6 8. Qc2 c6 9. Nge2 Re8 10. Bd2 b6 11. f3 c5 12. g4 c4 13. Bf5 Bxf5 14. Qxf5 g6 15. Qg5 Nc6 16. Qh4 Be7 17. Qf2 b5 18. O-O b4 19. axb4 Nxb4 20. e4 Nd3 21. Qg2 dxe4 22. fxe4 Rb8 23. e5 Rxb2 24. exf6 Bxf6 25. Qf3 Bxd4+ 26. Nxd4 Qxd4+ 27. Be3 Qxe3+ 28. Qxe3 Rxe3 29. Nd1 Re7 30. Nxb2 Nxb2 31. Rfc1 Rc7 32. Ra3 Kg7 33. Rca1 Nd3 34. Rxa7 Rc8 35. Rf1 Ne5 36. Kf2 Nxg4+ 37. Ke2 Nh6 38. Kd2 Nf5 39. Kc3 Re8 40. Rf2 Nd6 41. Kb4 Rb8+ 42. Ka4 c3 43. Rc7 Rb2 44. Rf3 Rxh2 45. Rcxc3 Rh4+ 46. Ka5 h5 47. Kb6 Nf5 48. Kc5 Re4 49. Kd5 Re7 50. Ra3 h4 51. Ra4 Kh6 52. Raf4 Kg5 53. Ra4 f6 54. Rf2 Re5+ 55. Kc6 Ne3 56. Kd6 Nf5+ 57. Kc6 Ng3 58. Rff4 Nf5 59. Rf2 Re3 60. Kd5 h3 61. Ra8 Kg4 62. Rf8 Kg3 63. Rf1 Kg2 64. Ra1 Re5+ 65. Kc6 Nd4+ 66. Kd6 Rf5 67. Ra2+ Kg3 68. Rh8 g5 69. Rh5 g4 70. Ra3+ Kf4 0-1

[Event "FIDE Open World Rapid 2024"]
[Site "New York"]
[Date "2024.12.27"]
[Round "9.10"]
[White "Sadhwani, Raunak"]
[Black "Yu, Yangyi"]
[Result "1/2-1/2"]
[ECO "C42"]
[WhiteElo "2673"]
[BlackElo "2724"]
[Annotator "TA"]
[PlyCount "24"]
[EventDate "2024.12.14"]
[EventType "swiss"]
[EventCountry "USA"]
[SourceTitle "playchess.com"]
[Source "ChessBase"]
[SourceQuality "1"]
[TimeControl "900+10"]

1. e4 e5 2. Nf3 Nf6 3. Nxe5 d6 4. Nf3 Nxe4 5. d4 d5 6. Bd3 Nc6 7. O-O Be7 8. Re1 Bf5 9. Nbd2 Nxd2 10. Qxd2 Bg6 11. c3 O-O 12. Bxg6 hxg6 {[%emt 0:00:03] Black got outplayed after the opening.   Weighted Error Value: White=0.03 (flawless) /Black=0.01 (flawless) .  OK:         	White=1     	Black=1} 1/2-1/2

[Event "FIDE Open World Rapid 2024"]
[Site "New York"]
[Date "2024.12.28"]
[Round "9.10"]
[White "Bezold, Michael"]
[Black "Tsaruk, Maksim"]
[Result "1/2-1/2"]
[ECO "A01"]
[WhiteElo "2469"]
[BlackElo "2424"]
[Annotator "ChessBase"]
[PlyCount "99"]
[EventDate "2024.12.14"]
[EventType "swiss"]
[EventCountry "USA"]
[SourceTitle "playchess.com"]
[Source "ChessBase"]
[SourceQuality "1"]
[TimeControl "900+10"]

1. c4 f5 2. b3 e5 3. Bb2 Nc6 4. e3 Nf6 5. a3 a5 6. d3 Be7 7. Nf3 d6 8. Be2 O-O 9. O-O Qe8 10. Nc3 Nd8 11. Re1 Ne6 12. Bf1 b6 13. g3 Bb7 14. Bg2 e4 15. Nd4 Nc5 16. dxe4 fxe4 17. Ndb5 Qd7 18. Qc2 Ng4 19. Re2 Bg5 20. Nxe4 Bxe4 21. Bxe4 Nxe4 22. Qxe4 Kh8 23. h3 Nf6 24. Qg2 Rae8 25. h4 Bh6 26. Bxf6 Rxf6 27. Rd1 Qg4 28. Rdd2 Rf7 29. a4 g6 30. Kh2 Bg7 31. Qh3 Qf3 32. Qg2 Qg4 33. Qh3 Qf3 34. Qg2 Qg4 35. Re1 g5 36. hxg5 Qxg5 37. Nd4 Qg4 38. Rf1 Re5 39. Ne2 Bh6 40. Nf4 Bxf4 41. exf4 Rxf4 42. Rd5 Qh5+ 43. Kg1 Rxd5 44. cxd5 Rd4 45. Re1 Rd1 46. Qf1 Rxe1 47. Qxe1 Qxd5 48. Qc3+ Kg8 49. Qxc7 Qxb3 50. Qxd6 1/2-1/2

[Event "FIDE Open World Rapid 2024"]
[Site "New York"]
[Date "2024.12.27"]
[Round "9.11"]
[White "Bu, Xiangzhi"]
[Black "Robson, Ray"]
[Result "1/2-1/2"]
[ECO "D38"]
[WhiteElo "2684"]
[BlackElo "2700"]
[Annotator "ChessBase"]
[PlyCount "126"]
[EventDate "2024.12.14"]
[EventType "swiss"]
[EventCountry "USA"]
[SourceTitle "playchess.com"]
[Source "ChessBase"]
[SourceQuality "1"]
[TimeControl "900+10"]

1. d4 Nf6 2. c4 e6 3. Nf3 d5 4. Nc3 Bb4 5. Bg5 h6 6. Bxf6 Qxf6 7. Qa4+ Nc6 8. e3 O-O 9. Be2 Bd7 10. Qb3 dxc4 11. Qxc4 Qe7 12. O-O Na5 13. Qd3 c5 14. dxc5 Bxc5 15. Ne5 Rfd8 16. Nxd7 Rxd7 17. Qb5 Nc6 18. Ne4 Bb6 19. Rfd1 Rad8 20. g3 Rxd1+ 21. Rxd1 Rxd1+ 22. Bxd1 Qb4 23. Qxb4 Nxb4 24. a3 Nd3 25. b4 a5 26. Be2 Ne5 27. Nd6 axb4 28. axb4 Nc6 29. b5 Nd8 30. Bf3 Bc5 31. Nxb7 Nxb7 32. Bxb7 g5 33. Kg2 f5 34. h3 Kf7 35. g4 Kf6 36. Kf3 Ke5 37. Bc8 Bb6 38. Ke2 Bc5 39. Kd3 Bb6 40. Kc4 Ba7 41. Kb4 Bb6 42. Bd7 Kf6 43. Bc6 Ke5 44. Bb7 Kd6 45. Bg2 Ke5 46. Bf1 Kd6 47. Bc4 Ke5 48. Bb3 Kd6 49. Kc4 Ke5 50. Kd3 Ba7 51. Ke2 Bb6 52. Kf3 Bc7 53. Bc2 Bb6 54. Kg3 Kf6 55. gxf5 exf5 56. e4 fxe4 57. Bxe4 h5 58. Bf3 h4+ 59. Kg2 Ke5 60. Bg4 Kd6 61. Kf3 Kc5 62. Bd7 Bc7 63. Kg4 Bf4 1/2-1/2

[Event "FIDE Open World Rapid 2024"]
[Site "New York"]
[Date "2024.12.28"]
[Round "9.11"]
[White "Moradiabadi, Elshan"]
[Black "Matviishen, Viktor"]
[Result "1-0"]
[ECO "D37"]
[WhiteElo "2512"]
[BlackElo "2566"]
[Annotator "ChessBase"]
[PlyCount "107"]
[EventDate "2024.12.14"]
[EventType "swiss"]
[EventCountry "USA"]
[SourceTitle "playchess.com"]
[Source "ChessBase"]
[SourceQuality "1"]
[TimeControl "900+10"]

1. d4 Nf6 2. Nf3 e6 3. c4 d5 4. Nc3 Be7 5. Bf4 O-O 6. Rc1 a6 7. e3 dxc4 8. Bxc4 b5 9. Bd3 Bb7 10. Qc2 Nbd7 11. a4 c5 12. axb5 Bxf3 13. gxf3 cxd4 14. exd4 axb5 15. Nxb5 g6 16. O-O Nd5 17. Bg3 Bg5 18. Ra1 Rc8 19. Qb3 h5 20. Be4 Nf4 21. Kh1 Qf6 22. Ra7 Rfd8 23. Nd6 Rb8 24. Qa4 Nb6 25. Qc6 Rf8 26. b4 h4 27. Bxf4 Bxf4 28. Rg1 g5 29. Nb5 Rfc8 30. Nc7 Qxd4 31. Nxe6 Rxc6 32. Nxd4 Rd6 33. Ne2 Bd2 34. f4 f6 35. b5 Re8 36. Bf3 Kf8 37. fxg5 fxg5 38. Rd1 Nc4 39. Bh5 Re7 40. Rxe7 Kxe7 41. Ng1 Nb2 42. Rb1 Bc3 43. Be2 Rd2 44. b6 Kd6 45. b7 Kc7 46. Rc1 Kxb7 47. Rxc3 Na4 48. Re3 Kc7 49. Nf3 Rd5 50. Re5 Rxe5 51. Nxe5 Nc3 52. Bg4 Ne4 53. Kg2 Kd6 54. Nf3 1-0

[Event "FIDE Open World Rapid 2024"]
[Site "New York"]
[Date "2024.12.27"]
[Round "9.12"]
[White "Lazavik, Denis"]
[Black "Lu, Shanglei"]
[Result "1-0"]
[ECO "E24"]
[WhiteElo "2578"]
[BlackElo "2609"]
[Annotator "ChessBase"]
[PlyCount "31"]
[EventDate "2024.12.14"]
[EventType "swiss"]
[EventCountry "USA"]
[SourceTitle "playchess.com"]
[Source "ChessBase"]
[SourceQuality "1"]
[TimeControl "900+10"]

1. d4 Nf6 2. c4 e6 3. Nc3 Bb4 4. a3 Bxc3+ 5. bxc3 c5 6. f3 Nc6 7. e4 O-O 8. e5 Ne8 9. f4 f6 10. Nf3 fxe5 11. dxe5 d6 12. Bd3 dxe5 13. fxe5 Qc7 14. Qe2 Rxf3 15. Qxf3 Nxe5 16. Bxh7+ 1-0

[Event "FIDE Open World Rapid 2024"]
[Site "New York"]
[Date "2024.12.28"]
[Round "9.12"]
[White "Damjanovic, Vuk"]
[Black "Ghaem Maghami, Ehsan"]
[Result "1-0"]
[ECO "D41"]
[WhiteElo "2368"]
[BlackElo "2434"]
[Annotator "ChessBase"]
[PlyCount "65"]
[EventDate "2024.12.14"]
[EventType "swiss"]
[EventCountry "USA"]
[SourceTitle "playchess.com"]
[Source "ChessBase"]
[SourceQuality "1"]
[TimeControl "900+10"]

1. Nf3 c5 2. c4 Nf6 3. Nc3 d5 4. cxd5 Nxd5 5. e3 Nc6 6. Bc4 e6 7. O-O Be7 8. d4 cxd4 9. exd4 O-O 10. Re1 Bf6 11. Ne4 b6 12. Nxf6+ Nxf6 13. Bg5 Bb7 14. Rc1 h6 15. Bh4 Rc8 16. Bb3 Ne7 17. Rxc8 Nxc8 18. Ne5 Nd6 19. d5 exd5 20. Bxf6 gxf6 21. Ng4 f5 22. Ne3 Re8 23. Bxd5 f4 24. Nc2 Bxd5 25. Qxd5 Rxe1+ 26. Nxe1 Qf6 27. Nd3 Kg7 28. Qf3 Nc4 29. Nxf4 Qd4 30. Qg4+ Kf8 31. Qc8+ Kg7 32. Qg4+ Kf8 33. Ne6+ 1-0

[Event "FIDE Open World Rapid 2024"]
[Site "New York"]
[Date "2024.12.27"]
[Round "9.13"]
[White "Muradli, Mahammad"]
[Black "Deac, Bogdan-Daniel"]
[Result "1/2-1/2"]
[ECO "A14"]
[WhiteElo "2588"]
[BlackElo "2696"]
[Annotator "ChessBase"]
[PlyCount "80"]
[EventDate "2024.12.14"]
[EventType "swiss"]
[EventCountry "USA"]
[SourceTitle "playchess.com"]
[Source "ChessBase"]
[SourceQuality "1"]
[TimeControl "900+10"]

1. Nf3 d5 2. c4 e6 3. g3 Nf6 4. Bg2 Be7 5. O-O O-O 6. b3 c5 7. Bb2 Nc6 8. cxd5 Nxd5 9. d4 cxd4 10. Nxd4 Nxd4 11. Qxd4 Bf6 12. Qd2 Nf4 13. gxf4 Qxd2 14. Nxd2 Bxb2 15. Rab1 Bf6 16. Rbc1 Rd8 17. Ne4 Be7 18. Rc7 Rd7 19. Rc2 Rd8 20. Rc7 Rd7 21. Rc2 Rd8 22. Bf3 Rb8 23. Rc7 Rd7 24. Rfc1 Rxc7 25. Rxc7 Bd8 26. Rc4 Be7 27. Rc7 Bd8 28. Rc2 Be7 29. Nc5 Kf8 30. e3 Ke8 31. a4 Kd8 32. Nd3 f6 33. Kg2 Bd7 34. Be4 h6 35. a5 g5 36. Rd2 Kc7 37. Rc2+ Kd8 38. Rd2 Kc7 39. Rc2+ Kd8 40. Rd2 Kc7 1/2-1/2

[Event "FIDE Open World Rapid 2024"]
[Site "New York"]
[Date "2024.12.28"]
[Round "9.13"]
[White "Mamedov, Edgar"]
[Black "Corrales Jimenez, Fidel"]
[Result "1/2-1/2"]
[ECO "C55"]
[WhiteElo "2441"]
[BlackElo "2555"]
[Annotator "ChessBase"]
[PlyCount "107"]
[EventDate "2024.12.14"]
[EventType "swiss"]
[EventCountry "USA"]
[SourceTitle "playchess.com"]
[Source "ChessBase"]
[SourceQuality "1"]
[TimeControl "900+10"]

1. e4 e5 2. Nf3 Nc6 3. Bc4 Nf6 4. d3 Be7 5. Nc3 d6 6. a3 O-O 7. Be3 Be6 8. Ng5 Bxc4 9. dxc4 Qd7 10. h3 Nd8 11. Qe2 Ne6 12. O-O-O Qc6 13. Nd5 Rfe8 14. h4 a6 15. g4 b5 16. cxb5 axb5 17. Nxe6 fxe6 18. Nxf6+ Bxf6 19. g5 Be7 20. Qg4 d5 21. g6 h6 22. Qf3 Rf8 23. exd5 Qc4 24. Qh3 Ra6 25. Qf1 exd5 26. Qxc4 dxc4 27. Rd7 Bd6 28. c3 b4 29. cxb4 Bxb4 30. Rxc7 c3 31. Kc2 Ba5 32. Ra7 Rxa7 33. Bxa7 cxb2 34. Kxb2 Rf6 35. h5 Kf8 36. Kb3 Ke7 37. Ka4 Bb6 38. Bxb6 Rxb6 39. Rc1 Kf6 40. Rc7 Kg5 41. Rxg7 Kxh5 42. Re7 Kxg6 43. Rxe5 h5 44. f4 Rf6 45. Rg5+ Kh6 46. Kb5 Rxf4 47. Rc5 h4 48. a4 h3 49. a5 h2 50. Rc1 Kg5 51. a6 Rf2 52. a7 Ra2 53. Rh1 Rxa7 54. Rxh2 1/2-1/2

[Event "FIDE Open World Rapid 2024"]
[Site "New York"]
[Date "2024.12.27"]
[Round "9.14"]
[White "Caruana, Fabiano"]
[Black "Pranav, V."]
[Result "1-0"]
[ECO "A20"]
[WhiteElo "2805"]
[BlackElo "2621"]
[Annotator "RC"]
[PlyCount "123"]
[EventDate "2024.12.14"]
[EventType "swiss"]
[EventCountry "USA"]
[SourceTitle "playchess.com"]
[Source "ChessBase"]
[SourceQuality "1"]
[TimeControl "900+10"]

1. c4 e5 2. d3 Nf6 3. Nf3 Nc6 4. a3 a5 5. e3 Bc5 6. Be2 d6 7. O-O O-O 8. Nc3 h6 9. b3 Re8 10. Bb2 Ba7 11. b4 Bf5 12. Qb3 Be6 13. Nb5 Bb6 14. Qc3 Qe7 15. Rfc1 Bg4 16. h3 Bh5 17. Qe1 axb4 18. axb4 Rxa1 19. Rxa1 Qd7 20. Rc1 e4 21. Nh4 Ne5 22. dxe4 Bxe2 23. Qxe2 Nxe4 24. Nc3 Nxc3 25. Bxc3 Qe6 26. Bb2 c6 27. Nf3 Nd7 28. Rd1 Nf6 29. Bxf6 Qxf6 30. Qd3 Re6 31. Qa3 Qe7 32. b5 cxb5 33. cxb5 Bc5 34. Qd3 Qf6 35. Qd5 b6 36. Rd2 Qa1+ 37. Kh2 Qb1 38. Ra2 Qe4 39. Ra8+ Kh7 40. Qc6 d5 41. Qd7 Bd6+ 42. Kh1 Qb1+ 43. Ng1 Rf6 44. Qd8 Kg6 45. Qd7 Kh7 46. Qd8 Kg6 47. Qd7 Qe4 48. Re8 Qc2 49. Rh8 Qc4 50. f4 h5 51. Nf3 Bxf4 52. exf4 Qc1+ 53. Ng1 Qxf4 54. Qxd5 Rf5 55. Qd3 Kf6 56. Rc8 g6 57. Rc6+ Kg7 58. Rxb6 Re5 59. Qc3 Kh7 60. Rb8 f6 61. Qc7+ Kh6 62. Rh8+ 1-0

[Event "FIDE Open World Rapid 2024"]
[Site "New York"]
[Date "2024.12.28"]
[Round "9.14"]
[White "Hakobyan, Aram"]
[Black "Tang, Andrew"]
[Result "1-0"]
[ECO "D85"]
[WhiteElo "2625"]
[BlackElo "2527"]
[Annotator "ChessBase"]
[PlyCount "79"]
[EventDate "2024.12.14"]
[EventType "swiss"]
[EventCountry "USA"]
[SourceTitle "playchess.com"]
[Source "ChessBase"]
[SourceQuality "1"]
[TimeControl "900+10"]

1. d4 Nf6 2. c4 g6 3. Nc3 d5 4. cxd5 Nxd5 5. e4 Nxc3 6. bxc3 Bg7 7. Nf3 c5 8. h3 O-O 9. Be2 Nc6 10. Be3 cxd4 11. cxd4 Qa5+ 12. Bd2 Qa3 13. d5 Ne5 14. O-O Nxf3+ 15. Bxf3 Bxa1 16. Qxa1 f6 17. Rb1 Rf7 18. Bb4 Qd3 19. e5 fxe5 20. Rb3 Qf5 21. Re3 Bd7 22. Rxe5 Qf6 23. Qe1 Rc8 24. Bxe7 Qf4 25. Bg5 Qd4 26. Bh6 Qh4 27. Bg5 Qd4 28. h4 h6 29. Re4 Qxd5 30. Bxh6 Qxa2 31. Re5 Bc6 32. Bg4 Rd8 33. Be6 Qa3 34. Qb1 Qd3 35. Qb4 Rdd7 36. Qf8+ Kh7 37. Bxf7 Qd1+ 38. Kh2 Rxf7 39. Qxf7+ Kxh6 40. Qf8+ 1-0

[Event "FIDE Open World Rapid 2024"]
[Site "New York"]
[Date "2024.12.27"]
[Round "9.15"]
[White "Wei, Yi"]
[Black "Paravyan, David"]
[Result "1-0"]
[ECO "D00"]
[WhiteElo "2753"]
[BlackElo "2620"]
[Annotator "TA"]
[PlyCount "111"]
[EventDate "2024.12.14"]
[EventType "swiss"]
[EventCountry "USA"]
[SourceTitle "playchess.com"]
[Source "ChessBase"]
[SourceQuality "1"]
[TimeControl "900+10"]

1. d4 d5 2. Bf4 Bf5 3. e3 e6 4. Bd3 Bxd3 5. cxd3 c5 6. Nf3 Nc6 7. dxc5 Bxc5 8. O-O Bd6 9. Bg5 Nge7 10. Nc3 h6 11. Bh4 O-O 12. e4 Qb6 13. e5 Bc7 14. Na4 Qb5 15. Bxe7 Nxe7 16. Rc1 Rac8 17. a3 Bb8 18. Rxc8 Rxc8 19. Re1 a6 20. Nd4 Qe8 21. Nc3 Nc6 22. Nf3 Ba7 23. d4 Na5 24. h4 Nc4 25. Qb1 Qd8 26. Rc1 Qa5 27. g3 (27. Qa2 $11 {and White has nothing to worry.}) 27... Rc6 (27... Nxa3 $1 $19 28. bxa3 Qxa3 (28... Rxc3 29. Rxc3 Qxc3 30. Qxb7 $15)) 28. Kg2 Rb6 29. Nd1 Rb3 30. Qc2 $1 Qb6 (30... Rxf3 $1 $15 31. Kxf3 Bxd4) 31. h5 (31. Ne1 $11) 31... Rxf3 (31... Nxb2 $2 32. Nxb2 (32. Rb1 Rxf3 33. Kxf3 Qxd4 $18) 32... Rxb2 33. Qc8+ Kh7 34. Rc7 $18) 32. Kxf3 Qxd4 33. Kg2 (33. Qe2 $11 {keeps the balance.}) 33... Nxe5 (33... Qxe5 $17 34. b3 Nd6 (34... Nxa3 35. Qc8+ Kh7 36. Qxb7 $16)) 34. Qe2 $1 $11 (34. Qc8+ Kh7 35. Qc2+ (35. Qxb7 $2 Qe4+ 36. Kf1 Qd3+ 37. Kg2 Qf3+ 38. Kf1 Nd3 $19) 35... Nd3 $17) 34... Nc6 35. Rc3 Qa4 (35... Qb6 $15) 36. Qf3 (36. b4 $14) 36... Bd4 ({Black should play} 36... Bb6 $15) 37. Rc1 Qb5 38. Rc2 Bf6 39. b4 Qa4 40. Qd3 Kf8 41. Nb2 Bxb2 42. Rxb2 Ne5 43. Qd4 Nc4 44. Re2 Qxa3 (44... Qb5 $15) 45. Qc5+ $11 Kg8 46. Qc8+ Kh7 47. Qxb7 Qd3 48. Re1 Qd2 49. Ra1 Ne3+ 50. Kg1 Qb2 51. Qxa6 (51. Rxa6 Qb1+ 52. Kh2 Ng4+ 53. Kg2 Qe4+ 54. Kf1 Nh2+ 55. Kg1 Nf3+ 56. Kg2 Nh4+ 57. Kf1 Qb1+ 58. Ke2 Nf3) 51... Nc2 $2 (51... Ng4 $1 $11 {and Black stays safe.} 52. Qa2 Qxb4 53. Qc2+ f5) 52. Qd3+ $18 f5 {[%emt 0:00:02] [#]} 53. Ra8 $1 Nxb4 54. Qb5 ({White should play} 54. Qe3 $16 Qb1+ 55. Kg2 Qe4+ 56. Qxe4 dxe4 57. Re8) 54... Qc1+ $2 (54... Qb1+ $11 55. Qf1 Qc2) 55. Kg2 $18 Nc2 56. Qe8 1-0

[Event "FIDE Open World Rapid 2024"]
[Site "New York"]
[Date "2024.12.28"]
[Round "9.15"]
[White "Kadric, Denis"]
[Black "Zhalmakhanov, Ramazan"]
[Result "1-0"]
[ECO "A06"]
[WhiteElo "2544"]
[BlackElo "2486"]
[Annotator "ChessBase"]
[PlyCount "108"]
[EventDate "2024.12.14"]
[EventType "swiss"]
[EventCountry "USA"]
[SourceTitle "playchess.com"]
[Source "ChessBase"]
[SourceQuality "1"]
[TimeControl "900+10"]

1. Nf3 d5 2. d3 Nc6 3. Nbd2 e5 4. e4 Nge7 5. c3 a5 6. b3 h6 7. h4 Ng8 8. exd5 Qxd5 9. Qe2 Be6 10. Nc4 f6 11. Be3 Bg4 12. Qc2 Nge7 13. Be2 Nf5 14. Rd1 b5 15. Ncd2 b4 16. O-O bxc3 17. Qxc3 Bb4 18. Qc2 Nxh4 19. d4 Bxd2 20. Rxd2 Bxf3 21. dxe5 Qe6 22. Bxf3 Nxf3+ 23. gxf3 Nxe5 24. Kg2 O-O 25. Qxc7 Rab8 26. Qxa5 Qf5 27. Qd5+ Kh8 28. Qe4 Qc8 29. Rh1 Nf7 30. Rc2 Qd7 31. Rhc1 Rbe8 32. Rc7 Qb5 33. Qg6 Qd5 34. Qg3 Re5 35. R7c5 Qe6 36. Qh3 f5 37. Bd4 Rxc5 38. Rxc5 Ng5 39. Qg3 f4 40. Qh4 Qg6 41. Qg4 Rd8 42. Bc3 Kh7 43. Qf5 Rd3 44. Qxg6+ Kxg6 45. Rc6+ Kh5 46. Bxg7 Nxf3 47. Kf1 Kg4 48. Rg6+ Kf5 49. Rxh6 Ke4 50. Re6+ Kf5 51. Rc6 Rd2 52. a4 Nh2+ 53. Kg1 Nf3+ 54. Kg2 Nh4+ 1-0

[Event "FIDE Open World Rapid 2024"]
[Site "New York"]
[Date "2024.12.27"]
[Round "9.16"]
[White "Firouzja, Alireza"]
[Black "Hong, Andrew"]
[Result "1-0"]
[ECO "C11"]
[WhiteElo "2763"]
[BlackElo "2572"]
[Annotator "TA"]
[PlyCount "115"]
[EventDate "2024.12.14"]
[EventType "swiss"]
[EventCountry "USA"]
[SourceTitle "playchess.com"]
[Source "ChessBase"]
[SourceQuality "1"]
[TimeControl "900+10"]

1. e4 e6 2. d4 d5 3. Nc3 Nf6 4. e5 Nfd7 5. f4 c5 6. Nf3 Nc6 7. Be3 Be7 8. Qd2 O-O 9. dxc5 Qa5 10. O-O-O b6 11. Bb5 Nb4 12. a3 bxc5 13. Kb1 Rb8 14. axb4 cxb4 15. Nxd5 $1 exd5 16. Bxd7 Bxd7 17. Qxd5 Qxd5 18. Rxd5 Bc6 19. Ra5 a6 20. b3 Rfc8 21. Re1 Be4 22. Re2 (22. Rxa6 $2 Rxc2 (22... Bxc2+ 23. Kb2 $17) 23. Ka1 Rxg2 $19) 22... Rc3 (22... Ra8 $142) 23. Nd4 $16 Rd8 24. Bf2 (24. Rxa6 Rxe3 25. Rxe3 Rxd4 $17) (24. Bg1 $1 $16 Bb7 25. Nf5 Rd1+ 26. Kb2) 24... Bxg2 $14 25. Be1 (25. Rxa6 $2 Bf1 26. Ra4 Bxe2 27. Nxe2 Rd1+ 28. Kb2 Rc8 $19) 25... Rc5 $1 ({Don't play} 25... Rh3 26. Nf5 Bf8 (26... Rd1+ 27. Kb2 $16) 27. Rxg2 $16) 26. Bxb4 Rxa5 27. Bxa5 Rxd4 28. Rxg2 Rxf4 29. c4 $1 h5 (29... Kf8 $14) 30. Rc2 (30. Bb6 $16) 30... Rf3 ({Black should try} 30... Bc5 $14) 31. b4 $1 $18 f6 {[%emt 0:01:44] [#]} 32. c5 $1 fxe5 33. c6 Rf8 $2 (33... Bd6 34. c7 Bxc7 35. Bxc7 (35. Rxc7 h4 $16) 35... Rf4 36. Bxe5 Rxb4+ 37. Ka2 Rb5) 34. c7 $18 Rc8 35. Rd2 Kf7 {[%emt 0:01:45] [#]} 36. Rd8 $1 Rxc7 37. Bxc7 Bxd8 38. Bxd8 Ke6 39. Kc2 Kf5 40. h4 Ke4 41. Kd2 Kf3 42. Ke1 e4 43. Bg5 e3 44. Kf1 g6 45. Ke1 e2 46. Bf6 Ke3 47. Be7 Kd3 48. Bg5 Kc4 49. Kxe2 Kxb4 50. Ke3 Kc5 51. Bf6 Kd5 52. Kf4 Ke6 53. Kg5 Kf7 54. Bc3 a5 55. Bxa5 Kg7 56. Bc3+ Kh7 57. Bb2 Kg8 58. Kxg6 1-0

[Event "FIDE Open World Rapid 2024"]
[Site "New York"]
[Date "2024.12.28"]
[Round "9.16"]
[White "Adewumi, Tanitoluwa"]
[Black "Andersen, Mads"]
[Result "1-0"]
[ECO "C54"]
[WhiteElo "2349"]
[BlackElo "2592"]
[Annotator "ChessBase"]
[PlyCount "82"]
[EventDate "2024.12.14"]
[EventType "swiss"]
[EventCountry "USA"]
[SourceTitle "playchess.com"]
[Source "ChessBase"]
[SourceQuality "1"]
[TimeControl "900+10"]

1. e4 e5 2. Nf3 Nc6 3. Bc4 Nf6 4. d3 Bc5 5. O-O d6 6. c3 a6 7. a4 Ba7 8. Re1 O-O 9. Bg5 h6 10. Bh4 g5 11. Bg3 Nh7 12. Nbd2 Kh8 13. Nf1 h5 14. h4 g4 15. N3h2 f5 16. exf5 Ne7 17. Ne3 Bxe3 18. Rxe3 Nxf5 19. d4 Nxe3 20. fxe3 Nf6 21. dxe5 Ne4 22. Bf4 Qxh4 23. Qd5 Bf5 24. Rf1 c6 25. Qd4 d5 26. Bd3 c5 27. Qxd5 Rad8 28. Bxe4 Rxd5 29. Bxd5 Bd3 30. Rd1 Be2 31. g3 Qd8 32. Rd2 Bc4 33. e4 Bxd5 34. exd5 Rxf4 35. gxf4 Qh4 36. Nf1 Kg7 37. d6 Kg6 38. d7 Qd8 39. Ng3 h4 40. f5+ Kg5 41. e6 Kf4 1-0

[Event "FIDE Open World Rapid 2024"]
[Site "New York"]
[Date "2024.12.27"]
[Round "9.17"]
[White "Dardha, Daniel"]
[Black "So, Wesley"]
[Result "1/2-1/2"]
[ECO "E11"]
[WhiteElo "2639"]
[BlackElo "2747"]
[Annotator "TA"]
[PlyCount "104"]
[EventDate "2024.12.14"]
[EventType "swiss"]
[EventCountry "USA"]
[SourceTitle "playchess.com"]
[Source "ChessBase"]
[SourceQuality "1"]
[TimeControl "900+10"]

1. d4 Nf6 2. c4 e6 3. g3 Bb4+ 4. Bd2 Be7 5. Bg2 d5 6. Nf3 O-O 7. O-O Nbd7 8. Bc3 b6 9. Nbd2 Bb7 10. Rc1 c5 11. Ne5 Rc8 12. e3 cxd4 13. Bxd4 Nxe5 14. Bxe5 Qd7 15. Qe2 dxc4 16. Bxb7 Qxb7 17. Nxc4 Rfd8 18. Bd4 Ne4 19. f3 Nd6 20. Nxd6 Bxd6 21. Kg2 h5 22. Rfd1 Rxc1 23. Rxc1 Qd5 24. a4 Qg5 25. Qb5 e5 26. f4 Qf5 27. fxe5 {[%emt 0:00:13] [#]} Bc5 (27... Qe4+ $1 $15 28. Kh3 (28. Kg1 Bc5) 28... Bc5) 28. Qc6 Qd3 (28... Bxd4 {simplifies} 29. exd4 Rxd4 30. Qc8+ Qxc8 31. Rxc8+ Kh7) 29. Rf1 Bxd4 30. exd4 h4 31. Rf4 Rxd4 32. Qe8+ Kh7 33. Qxf7 Rxf4 34. Qxf4 Qe2+ 35. Kh3 hxg3 36. hxg3 Qxb2 37. e6 Qe2 38. Qf5+ Kh6 39. Qf4+ Kh7 40. Qf7 Qe4 41. Qh5+ Kg8 42. Qf7+ Kh7 43. e7 Qh1+ 44. Kg4 Qe4+ 45. Kg5 Qe3+ 46. Kh4 (46. Kg4 $5 Qe4+ $8 47. Qf4 (47. Kg5 Qe3+ 48. Kg4 Qe4+ $11) 47... Qxe7 48. Qc4 $11) 46... Qe4+ 47. g4 Qe1+ 48. Kg5 Qe3+ 49. Kh4 $1 Qe1+ $1 50. Kh3 (50. Kg5 $5 Qe3+ $8 51. Kh4 Qe1+ $11) 50... Qh1+ 51. Kg3 Qg1+ 52. Kh3 (52. Kh4 $5 Qe1+ $8 $11) 52... Qh1+ 1/2-1/2